 Dungeon Crawl Stone Soup version 0.28-a0-983-g1de4e0787c (webtiles) character file.

Game seed: 10228029679345242144

291 ytrimaz the Fighter (level 6, -1/60 HPs)
             Began as a Formicid Fighter on Dec 2, 2021.
             Slain by Duvessa (12 damage)
             ... on level 4 of the Dungeon.
             The game lasted 00:03:23 (3232 turns).

ytrimaz the Fighter (Formicid Fighter)              Turns: 3232, Time: 00:03:24

Health: -1/60      AC: 12    Str: 22    XL:     6   Next: 59%
Magic:  13/13      EV:  8    Int:  8    God:
Gold:   57         SH:  4    Dex: 10    Spells: 5/5 levels left

rFire   . . .      SeeInvis +   a - +0 war axe
rCold   + . .      Faith    .   c - +0 buckler
rNeg    . . .      Spirit   .   n - +2 chain mail {rC+}
rPois   .          Reflect  .   (helmet unavailable)
rElec   .          Harm     .   b - +0 cloak
rCorr   .          Rampage  .   (no gloves)
Will    .....                   (no boots)
Stlth   ..........              i - amulet of the acrobat
HPRegen 0.20/turn               (no ring)
MPRegen 0.13/turn               (no ring)

@: mighty
A: permanent stasis, dig shafts and tunnels, antennae 3, four strong arms
a: Dig, Shaft Self


You were on level 4 of the Dungeon.
You visited 1 branch of the dungeon, and saw 4 of its levels.

You collected 57 gold pieces.

Inventory:

Hand Weapons
 a - a +0 war axe (weapon)
Missiles
 e - 2 javelins
Armour
 b - a +0 cloak (worn)
 c - a +0 buckler (worn)
 f - a +0 kite shield
 n - a +2 chain mail of cold resistance (worn)
Jewellery
 i - an amulet of the acrobat (around neck)
Wands
 m - a wand of flame (8)
Potions
 h - a potion of ambrosia {unknown}
 j - 2 potions of flight
 k - a potion of brilliance {unknown}
 l - a potion of heal wounds


   Skills:
 * Level 9.7 Fighting
 + Level 3.1 Axes
 - Level 0.6 Throwing
 * Level 4.2 Armour
 * Level 4.2 Shields
 * Level 9.5 Invocations


You had 5 spell levels left.
You didn't know any spells.
Your spell library contained the following spells:

 Spells                   Type           Power      Damage    Failure   Level
 Lesser Beckoning         Tloc           0%         N/A       100%        3
 Manifold Assault         Tloc           0%         N/A       100%        5
 Blink                    Tloc           Unusable   N/A       N/A         2

Dungeon Overview and Level Annotations

Branches:
Dungeon (4/15)
 Temple: D:4-7

Altars:
Wu Jian

Annotations:
D:4 Duvessa


Innate Abilities, Weirdness & Mutations

You cannot be hasted, slowed, berserked, paralysed or teleported.
You can dig through walls and to a lower floor.
You have a pair of large antennae on your head. (SInv)
Your four strong arms can wield two-handed weapons with a shield.


Message History

Duvessa hits you with a +0 short sword! Dowan hits you but does no damage.
You closely miss Duvessa.
Duvessa is heavily wounded.
You miss Dowan. You block Duvessa's attack. Dowan barely misses you.
You hit Duvessa.
Duvessa is heavily wounded.
You barely miss Dowan. Duvessa hits you with a +0 short sword.
An endoplasm comes into view.
Dowan barely misses you. Duvessa hits you but does no damage.
The endoplasm quivers.
You hit Duvessa.
Duvessa is severely wounded.
You barely miss Dowan. Dowan hits you but does no damage.
Duvessa closely misses you. Dowan hits you with a +0 dagger.
You barely miss Duvessa.
Duvessa is severely wounded.
You slash Dowan!
You kill Dowan!
Duvessa screams in rage.
Duvessa goes berserk!
You block Duvessa's attack. Duvessa barely misses you.
You closely miss Duvessa.
Duvessa is severely wounded.
You hit the endoplasm. Duvessa hits you with a +0 short sword!
The endoplasm barely misses you. Duvessa hits you with a +0 short sword!
You closely miss Duvessa.
Duvessa is severely wounded.
You barely miss the endoplasm. The endoplasm freezes you.
You are frozen.
You resist.
* * * LOW HITPOINT WARNING * * *
Duvessa hits you but does no damage.
The endoplasm jiggles.
You block the endoplasm's attack. Duvessa hits you with a +0 short sword!
* * * LOW HITPOINT WARNING * * *
You completely miss Duvessa.
Duvessa is severely wounded.
You slash the endoplasm!
You kill the endoplasm!
Duvessa hits you with a +0 short sword!
You die...

.. #. .♣ # #..
.###. .### ...
...♣.♣...# #.#
... ...
.........
..###.#.#.#####
......)e.......
#@# ###


You could see Duvessa (berserk).

Vanquished Creatures
  Dowan (D:4)
  Ijyb (D:3)
  6 adders
  An adder skeleton (D:2)
  3 worms
  2 dart slugs (D:3)
  8 ball pythons
  9 endoplasms
  4 giant cockroaches
  4 goblins
  3 hobgoblins
  4 jackals (D:2)
  4 kobolds
  3 quokkas
  8 bats
  4 frilled lizards
  5 rats
70 creatures vanquished.

Notes
Turn   | Place    | Note
-------+----------+-------------------------------------------
     0 | D:1      | ytrimaz the Formicid Fighter began the quest for the Orb.
     0 | D:1      | Reached XP level 1. HP: 18/18 MP: 1/1
   230 | D:1      | Reached XP level 2. HP: 24/24 MP: 2/2
   676 | D:1      | Reached XP level 3. HP: 28/29 MP: 3/3
  1120 | D:2      | Found an ornate altar of the Wu Jian Council.
  1239 | D:2      | Reached XP level 4. HP: 35/37 MP: 4/4
  1958 | D:2      | Reached XP level 5. HP: 53/53 MP: 4/12
  2214 | D:3      | Found a faded altar of an unknown god.
  2428 | D:3      | Reached XP level 6. HP: 60/60 MP: 13/13
  2930 | D:4      | Noticed Ijyb
  2930 | D:4      | Noticed Duvessa
  2930 | D:4      | Noticed Dowan
  2956 | D:3      | Killed Ijyb
  3229 | D:4      | Killed Dowan
  3232 | D:4      | Slain by Duvessa

Illustrated notes

Levels and vault maps discovered:
D:1:      saegor_arrival_simple_b, layout_basic, minivault_19
D:2:      layout_rooms, basic_altar
D:3:      layout_basic, shapermc_ecumenical_altar_totnotflames
D:4:      layout_basic, serial_forest, infiniplex_forest_lined_3,
          infiniplex_forest_lined_4_way, infiniplex_forest_straight_2,
          infiniplex_forest_lined_3, infiniplex_forest_lined_1,
          infiniplex_forest_clump_tiny, uniq_pargi, uniq_ijyb, uniq_duvessa

Skill      XL: |  1  2  3  4  5 |
---------------+----------------+-----
Shields        | 4 |  4.2
Armour         | 4 |  4.2
Fighting       | 9 |  9.7
Invocations    | 9 |  9.5
Axes           | 3 |  3.1
Throwing       | |  0.6

Action                   |  1- 3 |  4- 6 || total
-------------------------+-------+-------++-------
Melee: War axe           |    85 |   112 ||   197
 Abil: Dig               |       |     2 ||     2
  Use: Scroll            |     3 |     2 ||     5
       Potion            |       |     2 ||     2
Armor: Scale mail        |    16 |       ||    16
       Chain mail        |    36 |    75 ||   111
Dodge: Dodged            |    33 |    59 ||    92
Block: Buckler           |    15 |    30 ||    45

Table legend: (Time is in decaauts)
 A = Elapsed time spent in this place.
 B = Non-inter-level travel time spent in this place.
 C = Inter-level travel time spent in this place.
 D = Time resting spent in this place.
 E = Time spent auto-exploring this place.
 F = Levels seen in this place.
 G = Mean time per level.
                   A        B        C        D        E       F      G
               +--------+--------+--------+--------+--------+-----+--------+
         Total |   3305 |   3227 |     78 |    594 |   2054 |   4 |  826.2 |
       Dungeon |   3305 |   3227 |     78 |    594 |   2054 |   4 |  826.2 |
               +--------+--------+--------+--------+--------+-----+--------+

Top non-repeatable levels by time:
     D:1: 1145 daAuts
     D:3: 1082 daAuts
     D:2: 1059 daAuts
     D:4: 17 daAuts
